 Dungeon Crawl Stone Soup version 0.29.1-debian-1-gc3f1650bb9 (webtiles) character file.

Game seed: 347744890493046061

19 jlumianski the Chopper (level 2, -4/22 HPs)
             Began as a Demonspawn Gladiator on Sept 12, 2022.
             Slain by a worm (9 damage)
             ... on level 1 of the Dungeon.
             The game lasted 00:01:35 (623 turns).

jlumianski the Chopper (Demonspawn Gladiator)        Turns: 623, Time: 00:01:36

Health: -4/22      AC:  6    Str: 14    XL:     2   Next: 55%
Magic:  2/2        EV: 12    Int:  9    God:
Gold:   21         SH:  0    Dex: 14    Spells: 1/1 levels left

rFire   . . .      SeeInvis .   a - +0 war axe
rCold   . . .      Faith    .   (no shield)
rNeg    . . .      Spirit   .   b - +0 leather armour
rPois   .          Reflect  .   c - +0 helmet
rElec   .          Harm     .   (no cloak)
rCorr   .          Rampage  .   (no gloves)
Will    .....                   (no boots)
Stlth   +.........              (no amulet)
HPRegen 0.07/turn               (no ring)
MPRegen 0.08/turn               (no ring)

@: no status effects
A: icy blue scales 1
a: no special abilities


You were on level 1 of the Dungeon.
You visited 1 branch of the dungeon, and saw 2 of its levels.

You collected 21 gold pieces.

Inventory:

Hand Weapons
 a - a +0 war axe (weapon)
Missiles
 d - 3 throwing nets (quivered)
 e - a javelin
 i - 4 stones
Armour
 b - a +0 leather armour (worn)
 c - a +0 helmet (worn)
Scrolls
 f - a scroll of enchant weapon {unknown}
 g - a scroll of teleportation {unknown}
 h - a scroll of fear {unknown}


   Skills:
 + Level 2.0 Fighting
 + Level 3.0 Axes
 + Level 1.8 Throwing
 + Level 0.6 Armour
 + Level 3.0 Dodging


You had one spell level left.
You didn't know any spells.
Your spell library was empty.

Dungeon Overview and Level Annotations

Branches:
Dungeon (2/15)

Altars:


Innate Abilities, Weirdness & Mutations

You are partially covered in icy blue scales. (AC +2)


Message History

You kill the hobgoblin!
A worm comes into view.
Found 11 gold pieces.
A hobgoblin comes into view.
Found a ring mail.
A dart slug comes into view.
You see here 3 javelins.
There is a stone staircase leading up here.
The hobgoblin hits you but does no damage.
You climb upwards.
There is a stone staircase leading down here.
You barely miss the hobgoblin. The hobgoblin misses you.
You closely miss the hobgoblin.
The hobgoblin hits you but does no damage.
You hit the hobgoblin.
The hobgoblin is moderately wounded.
The hobgoblin barely misses you. x2
You hit the hobgoblin.
The hobgoblin is heavily wounded.
The hobgoblin closely misses you.
You slash the hobgoblin!
You kill the hobgoblin!
There is a stone staircase leading down here.
You start resting.
HP restored.
You climb downwards.
The worm bites you.
There is a stone staircase leading up here.
The worm bites you!
You climb upwards.
There is a stone staircase leading down here.
You hit the worm.
The worm is lightly wounded.
The worm bites you.
* * * LOW HITPOINT WARNING * * *
You barely miss the worm. The worm barely misses you.
You barely miss the worm. You hit the worm.
The worm is moderately wounded.
The worm bites you!
You die...

......# #.......#.#.#
......# #.#.#..# ... ..
......###......##..# #..
.....###........[..##..#
#...###......#.#......#
######..#....# .....#
8####..##.÷..###....###
..##..##).÷.....w.....#
..8##........#..@.....#
....#####....#........#
....8###...############
.....'....## ....8#..###
....##.## ..8##..#
..###.## 8## ..


You could see a worm.

Vanquished Creatures
  2 ball pythons (D:1)
  A bat (D:1)
  A goblin (D:1)
  2 hobgoblins
  5 jackals (D:1)
  2 quokkas (D:1)
  A frilled lizard (D:1)
  A rat (D:1)
15 creatures vanquished.

Notes
Turn   | Place    | Note
-------+----------+-------------------------------------------
     0 | D:1      | jlumianski the Demonspawn Gladiator began the quest for the
                  | Orb.
     0 | D:1      | Reached XP level 1. HP: 16/16 MP: 1/1
   134 | D:1      | Gained mutation: You are partially covered in icy blue
                  | scales. (AC +2) [demonic ancestry]
   134 | D:1      | Reached XP level 2. HP: 12/22 MP: 2/2
   623 | D:1      | Slain by a worm

Illustrated notes

Levels and vault maps discovered:
D:1:      eino_arrival_water_star, layout_rooms, dk_noncrumbling_4
D:2:      layout_rooms, minmay_tetromino_l4

Skill      XL: |  1  2 |
---------------+-------+-----
Axes           | 3 |  3.0
Dodging        | 3 |  3.0
Fighting       | |  2.0
Throwing       | |  1.8
Armour         | |  0.6

Action                   || total
-------------------------++-------
Melee: War axe           ||    54
Armor: Leather armour    ||    23
Dodge: Dodged            ||    49
